 Dungeon Crawl Stone Soup version 0.30-a0-857-gcaf70739d4 (webtiles) character file.

Game seed: 1221008008336997031

49763 IndexError the Marksgargoyle (level 14, -10/88 HPs)
             Began as a Gargoyle Hunter on Mar 5, 2023.
             Was a High Priest of Hepliaklqana.
             Mangled by a death yak (20 damage)
             ... on level 4 of the Lair of Beasts.
             The game lasted 00:47:30 (19292 turns).

IndexError the Marksgargoyle (Gargoyle Hunter)     Turns: 19292, Time: 00:47:31

Health: -10/88     AC: 24    Str: 11    XL:     14   Next: 52%
Magic:  21/21      EV: 11    Int: 10    God:    Hepliaklqana [*****.]
Gold:   1444       SH:  5    Dex: 23    Spells: 22/22 levels left

rFire   . . .      SeeInvis +    a - +5 shortbow (freeze)
rCold   + + .      Faith    .    (shield currently unavailable)
rNeg    + + .      Spirit   .    y - +1 ring mail "Jiepny" {rElec rC++ rN+ Str-5}
rPois   ∞          Reflect  +    (no helmet)
rElec   +          Rampage  .    g - +2 cloak
rCorr   .                        (no gloves)
Will    +....                    G - +2 pair of boots {Fly}
Stlth   ++                       J - amulet of reflection
HPRegen 0.34/turn                t - ring of see invisible {sInv, !d}
MPRegen 0.17/turn                j - +6 ring of dexterity

@: flying, studying Unarmed Combat
A: reduced essence, sickness immunity, AC +10, big wings, negative energy
resistance 1, electricity resistance, torment resistance 1, petrification
resistance
a: Renounce Religion, Recall Ancestor, Ancestor Identity, Transference, Idealise


You were on level 4 of the Lair of Beasts.
You worshipped Hepliaklqana.
Hepliaklqana was extremely pleased with you.
You visited 3 branches of the dungeon, and saw 18 of its levels.
You also visited: Bailey.

You collected 1444 gold pieces.

Inventory:

Hand Weapons
 a - a +5 shortbow of freezing (weapon)
Missiles
 c - 2 curare-tipped darts
 x - 6 javelins
 E - 2 throwing nets {=f, !d}
Armour
 g - a +2 cloak (worn)
   (You found it on level 1 of the Dungeon)
 i - a +2 robe of willpower
   (You found it on level 2 of the Dungeon)
 y - the +1 ring mail "Jiepny" (worn) {rElec rC++ rN+ Str-5}
   (You found it on level 4 of the Dungeon)

   Str:       It affects your strength (-5).
   rC:        It greatly protects you from cold.
   rElec:     It insulates you from electricity.
   rN:        It protects you from negative energy.
 A - a +2 helmet
   (You found it on level 5 of the Lair of Beasts)
 G - a +2 pair of boots of flying (worn)
   (You found it on level 1 of the Lair of Beasts)
Magical Staves
 l - a staff of earth
   (You found it on level 2 of the Lair of Beasts)
Jewellery
 j - a +6 ring of dexterity (right hand)
   (You found it on level 6 of the Dungeon)
 t - a ring of see invisible (left hand) {sInv, !d}
   (You found it on level 7 of the Dungeon)
 u - a ring of protection from fire {rF+, !d}
   (You found it on level 8 of the Dungeon)
 H - a +6 ring of strength
   (You found it on level 10 of the Dungeon)
 J - an amulet of reflection (around neck)
   (You found it on level 12 of the Dungeon)
 K - a ring of positive energy {rN+}
   (You found it on level 11 of the Dungeon)
 M - a ring of protection from fire {rF+, !d}
   (You found it on level 11 of the Dungeon)
Wands
 s - a wand of paralysis (17)
   (You found it in a bailey)
 w - a wand of digging (8)
   (You found it on level 4 of the Dungeon)
 N - a wand of iceblast (2)
   (You found it on level 11 of the Dungeon)
 Q - a wand of acid (5)
   (You found it on level 4 of the Lair of Beasts)
Scrolls
 b - 6 scrolls of immolation {!r}
 d - a scroll of poison
 e - 3 scrolls of torment {!r}
 k - a scroll of enchant weapon
 n - 6 scrolls of vulnerability {!r!r}
 C - 3 scrolls of teleportation
 I - 3 scrolls of enchant armour
 L - a scroll of identify
Potions
 f - a potion of invisibility
 h - 4 potions of cancellation
 m - 10 potions of curing
 o - 2 potions of berserk rage {!q}
 p - 4 potions of brilliance
 q - a potion of resistance
 r - a potion of magic
 v - 4 potions of haste
 z - a potion of mutation {!q}
 B - 5 potions of attraction {!q}
 F - 3 potions of ambrosia
 O - 4 potions of lignification {!q}
 P - a potion of heal wounds
Miscellaneous
 D - a piece from Xom's chessboard (15/15)
   (You found it in a bailey)


   Skills:
 - Level 15.0 Fighting
 - Level 19.0 Ranged Weapons
 + Level 5.7 Armour
 - Level 1.5 Dodging
 - Level 1.1 Stealth
 + Level 4.7 Spellcasting
 + Level 5.6 Invocations


You had 22 spell levels left.
You didn't know any spells.
Your spell library contained the following spells:

 Spells                   Type           Power      Damage    Failure   Level
 Kiss of Death            Conj/Necr      8%         2d6       45%         1
 Summon Small Mammal      Summ           8%         N/A       45%         1
 Call Canine Familiar     Summ           2%         N/A       83%         3
 Confusing Touch          Hex            2%         N/A       83%         3
 Dazzling Flash           Conj/Hex       4%         N/A       83%         3
 Frozen Ramparts          Ice            4%         1d1       83%         3
 Hailstorm                Conj/Ice       2%         3d3       83%         3
 Summon Guardian Golem    Hex/Summ       2%         N/A       83%         3
 Dispel Undead            Necr           2%         3d7       99%         4
 Ice Form                 Ice/Tmut       2%         N/A       99%         4
 Iskenderun's Mystic Bla  Conj/Tloc      2%         2d3       99%         4
 Summon Ice Beast         Ice/Summ       2%         N/A       99%         4
 Summon Lightning Spire   Summ/Air       2%         N/A       99%         4
 Simulacrum               Ice/Necr       1%         N/A       100%        6
 Starburst                Conj/Fire      1%         6d3       100%        6
 Summon Cactus Giant      Summ           1%         N/A       100%        6
 Haunt                    Necr/Summ      1%         N/A       100%        7


Dungeon Overview and Level Annotations

Branches:
Dungeon (12/15)            Temple (1/1) D:7            Lair (5/5) D:11
 Shoals (0/4) Lair:2        Snake (0/4) Lair:3          Orc (0/2) D:12
 Bailey (visited)
  Slime: Lair:4-5

Altars:
Ashenzari
Cheibriados
Dithmenos
Elyvilon
Fedhas
Gozag
Hepliaklqana
Kikubaaqudgha
Makhleb
Nemelex Xobeh
Okawaru
Qazlal
Ru
Sif Muna
Trog
Uskayaw
Vehumet
Wu Jian
Xom
Yredelemnul
Zin
The Shining One
Jiyva

Shops:
D:11 ?

Annotations:
D:7 5 runed translucent doors
D:12 Erolcha
Lair:1 3 runed translucent doors, wamuu's ghost, journeyman HOFi


Innate Abilities, Weirdness & Mutations

Your life essence is reduced to manifest your ancestor. (-10% HP)
You are immune to sickness and miasma.
Your stone body is resilient. (AC +10)
You are immune to poison.
Your large and strong wings let you fly.
You resist negative energy. (rN+)
You are resistant to electric shocks. (rElec)
You are resistant to unholy torment.
You are immune to petrification.


Message History

Sunngifu avoids your attack.
The death yak gores you but does no damage.
Sunngifu hits the death yak but does no damage.
Fire: a) +5 shortbow (freeze)
Press: ? - help, Q - select action, (/) - cycle Shift-Dir - straight line, f/p - death yak
Aim: a death yak (moderately wounded, ally target, 87% to hit)
You shoot an arrow. The arrow hits the death yak!
The arrow freezes the death yak.
The death yak closely misses you.
Fire: a) +5 shortbow (freeze)
Press: ? - help, Q - select action, (/) - cycle Shift-Dir - straight line, f/p - death yak
Aim: a death yak (moderately wounded, ally target, 87% to hit)
You shoot an arrow. The arrow hits the death yak.
The arrow freezes the death yak.
Sunngifu hits the death yak with a +0 flail!
The death yak gores you but does no damage.
There are monsters nearby!
Fire: a) +5 shortbow (freeze)
Press: ? - help, Q - select action, (/) - cycle Shift-Dir - straight line, f/p - death yak
Aim: a death yak (heavily wounded, ally target, 87% to hit)
You shoot an arrow. The arrow hits the death yak.
The arrow freezes the death yak.
The death yak gores you but does no damage.
Fire: a) +5 shortbow (freeze)
Press: ? - help, Q - select action, (/) - cycle Shift-Dir - straight line, f/p - death yak
Aim: a death yak (severely wounded, ally target, 87% to hit)
You shoot an arrow. The arrow barely misses the death yak.
Sunngifu avoids your attack.
Sunngifu hits the death yak with a +0 flail!
Fire: a) +5 shortbow (freeze)
Press: ? - help, Q - select action, (/) - cycle Shift-Dir - straight line, f/p - death yak
Aim: a death yak (severely wounded, ally target, 87% to hit)
You shoot an arrow.
The arrow completely misses the death yak.
Sunngifu avoids your attack. The death yak misses you.
Fire: a) +5 shortbow (freeze)
Press: ? - help, Q - select action, (/) - cycle Shift-Dir - straight line, f/p - death yak
Aim: a death yak (severely wounded, ally target, 87% to hit)
You shoot an arrow.
The arrow completely misses the death yak.
Sunngifu avoids your attack.
Sunngifu hits the death yak with a +0 flail.
The death yak gores Sunngifu!!
Fire: a) +5 shortbow (freeze)
Press: ? - help, Q - select action, (/) - cycle Shift-Dir - straight line, f/p - death yak
Aim: a death yak (almost dead, not watching you, ally target, 87% to hit)
You shoot an arrow. The arrow hits the death yak.
The arrow freezes the death yak.
The death yak misses you.
Sunngifu hits the death yak with a +0 flail!
Fire: a) +5 shortbow (freeze)
Press: ? - help, Q - select action, (/) - cycle Shift-Dir - straight line, f/p - death yak
Aim: a death yak (almost dead, ally target, 87% to hit)
You shoot an arrow. The arrow hits the death yak!
The arrow freezes the death yak.
Fire: a) +5 shortbow (freeze)
Press: ? - help, Q - select action, (/) - cycle Shift-Dir - straight line, f - death yak
Aim: a death yak (ally target, 87% to hit)
You shoot an arrow.
The arrow hits the death yak but does no damage.
Sunngifu hits the death yak with a +0 flail!!
A death yak is nearby!
Fire: a) +5 shortbow (freeze)
Press: ? - help, Q - select action, (/) - cycle Shift-Dir - straight line, p - death yak You shoot an arrow.
The death yak gores you!
* * * LOW HITPOINT WARNING * * *
You take 7 damage, and have 23/88 hp.
Fire: a) +5 shortbow (freeze)
Press: ? - help, Q - select action, (/) - cycle Shift-Dir - straight line, f - death yak
Aim: a death yak (moderately wounded, ally target, 87% to hit)
You shoot an arrow. The arrow hits the death yak.
The arrow freezes the death yak.
The death yak gores you but does no damage.
Sunngifu hits the death yak with a +0 flail!
Fire: a) +5 shortbow (freeze)
Press: ? - help, Q - select action, (/) - cycle Shift-Dir - straight line, f/p - death yak
Aim: a death yak (heavily wounded, ally target, 87% to hit)
You shoot an arrow. The arrow hits the death yak!
The arrow freezes the death yak.
The death yak gores you!
* * * LOW HITPOINT WARNING * * *
You take 7 damage, and have 16/88 hp.
Fire: a) +5 shortbow (freeze)
Press: ? - help, Q - select action, (/) - cycle Shift-Dir - straight line, f/p - death yak
Aim: a death yak (severely wounded, ally target, 87% to hit)
You shoot an arrow.
The arrow hits the death yak but does no damage.
Sunngifu hits the death yak with a +0 flail!
The death yak gores you!
* * * LOW HITPOINT WARNING * * *
You take 7 damage, and have 9/88 hp.
Fire: a) +5 shortbow (freeze)
Press: ? - help, Q - select action, (/) - cycle Shift-Dir - straight line, f/p - death yak
Aim: a death yak (almost dead, ally target, 87% to hit)
You shoot an arrow. The arrow barely misses the death yak.
Sunngifu avoids your attack. The death yak gores you!!
You die...

~PP~♣.....(..## #.....P..♣P
............#.# ###.....~P~~~
~~~~P..###P#### #.....~~~~P~~
~~~~~#.# ### ##..P~♣~~~~≈~
~~~♣#..# ### ##...~~.~≈≈≈♣
~♣~.#.P###.## #.#..~~.~~.~~
............## ##.#..♣~~~~~~~
.............#######P.#...P~....♣
..............##@#........#P#.##.
..............#Y###......######.#
............R.R.#.#.......###.###
..................#........###.##
......................P.......#.#
.......................((........
...............................##
...............>................#
..>...................#..........


You could see the friendly Sunngifu the knight and a death yak (ally target).

Vanquished Creatures
  Kirke (Lair:5)
  Nessos (Lair:4)
  A dire elephant (Lair:3)
  Fannar (D:10)
  A hydra (Lair:3)
  A catoblepas (Lair:1)
  An alligator (Lair:3)
  4 two-headed ogres
  An anaconda (Lair:3)
  3 death yaks
  A skyshark (Lair:2)
  2 fire crabs (Lair:3)
  A deep troll (Lair:4)
  A harpy (Lair:2)
  2 ugly things
  2 cyclopes (D:10)
  A manticore (D:11)
  4 elephants (Lair:3)
  6 black mambas
  An unseen horror (D:10)
  5 cane toads
  A rime drake (Lair:5)
  9 komodo dragons
  2 kobold demonologists (D:11)
  A queen bee (D:10)
  3 polar bears (Lair:3)
  4 trolls
  A hornet (D:9)
  12 blink frogs
  2 slime creatures (D:12)
  4 wyverns
  3 shadows (D:12)
  3 hogs (Lair:5)
  4 basilisks
  2 wraiths
  34 yaks
  A steam dragon (Lair:3)
  22 water moccasins
  3 acid dragons
  11 orc warriors
  4 ice beasts
  2 sky beasts
  3 centaurs
  An ogre (D:6)
  13 wolves
  3 kobold brigands
  A gnoll sergeant (D:11)
  15 bullfrogs
  5 scorpions
  25 killer bees
  2 electric eels
  6 howler monkeys
  3 hounds
  4 orc priests
  3 sleepcaps
  4 jellies
  An iguana (D:6)
  Natasha (twice) (D:2)
  12 orc wizards
  8 gnolls
  7 adders
  A white imp (D:8)
  2 worms
  4 dart slugs
  21 orcs
  6 endoplasms
  8 goblins
  11 hobgoblins
  9 jackals
  21 kobolds
  6 quokkas
  7 ball pythons
  7 bats
  5 frilled lizards
  10 rats
405 creatures vanquished.

Vanquished Creatures (collateral kills)
  An ugly thing (D:11)
  A cyclops (D:11)
  A manticore (D:12)
  3 black mambas
  A cane toad (Lair:2)
  A rime drake (Lair:3)
  A polar bear (Lair:4)
  5 blink frogs
  A shadow (D:9)
  A wraith (D:9)
  9 yaks
  A basilisk (Lair:2)
  2 steam dragons (Lair:3)
  4 water moccasins (Lair:3)
  A black bear (Lair:3)
  2 wolves
  A centaur (D:10)
  A bullfrog (Lair:2)
  A scorpion (D:11)
  3 killer bees
  3 orcs
  A kobold (Bailey)
45 creatures vanquished.

Vanquished Creatures (others)
  4 knights
  18 ancestors
  16 fungi
  30 plants
68 creatures vanquished.

Grand Total: 518 creatures vanquished

Notes
Turn   | Place    | Note
-------+----------+-------------------------------------------
     0 | D:1      | IndexError the Gargoyle Hunter began the quest for the Orb.
     0 | D:1      | Reached XP level 1. HP: 12/12 MP: 1/1
    80 | D:1      | Reached XP level 2. HP: 18/18 MP: 2/2
   251 | D:1      | Found a faded altar of an unknown god.
   442 | D:1      | Reached XP level 3. HP: 22/22 MP: 3/3
  1146 | D:2      | Reached skill level 3 in Fighting
  1218 | D:2      | Noticed Natasha
  1225 | D:2      | Killed Natasha
  1226 | D:2      | Reached skill level 5 in Ranged Weapons
  1226 | D:2      | Reached XP level 4. HP: 16/28 MP: 4/4
  1812 | D:2      | Noticed Natasha
  1820 | D:2      | Killed Natasha
  1821 | D:2      | Reached XP level 5. HP: 27/32 MP: 5/5
  2875 | D:3      | Reached skill level 4 in Fighting
  2875 | D:3      | Reached skill level 6 in Ranged Weapons
  2944 | D:4      | HP: 6/33 [orc priest/divine providence (16)]
  2948 | D:4      | Reached XP level 6. HP: 9/38 MP: 6/6
  3117 | D:4      | Identified the +2 robe "Dahu Hum" {Harm}
  3228 | D:4      | Found a shimmering altar of Xom.
  3298 | D:4      | Reached skill level 7 in Ranged Weapons
  3298 | D:4      | Reached XP level 7. HP: 36/44 MP: 7/7
  3309 | D:4      | Reached skill level 5 in Fighting
  3671 | D:4      | Identified the +1 ring mail "Jiepny" {rElec rC++ rN+ Str-5}
  3736 | D:5      | Entered Level 5 of the Dungeon
  3944 | D:5      | Found a broken altar of Ashenzari.
  4154 | D:5      | Found a sacrificial altar of Ru.
  4399 | D:5      | Found a basalt altar of Yredelemnul.
  4554 | D:5      | Reached skill level 8 in Ranged Weapons
  4928 | D:6      | Reached skill level 6 in Fighting
  4928 | D:6      | Reached XP level 8. HP: 44/51 MP: 8/8
  5486 | D:6      | Reached skill level 9 in Ranged Weapons
  5771 | D:6      | Reached skill level 7 in Fighting
  5872 | D:7      | Reached skill level 10 in Ranged Weapons
  5877 | D:7      | Found a runed translucent door.
  5889 | D:7      | Found a staircase to the Ecumenical Temple.
  5898 | Temple   | Entered the Ecumenical Temple
  5926 | Temple   | Became a worshipper of Hepliaklqana the Forgotten
  6002 | D:7      | Found a broken altar of Ashenzari.
  6019 | D:7      | Reached XP level 9. HP: 57/57 MP: 9/9
  6086 | D:7      | Found a glowing silver altar of Zin.
  6267 | D:7      | Found a blossoming altar of Fedhas.
  6361 | D:7      | Found a runed translucent gate.
  6363 | D:7      | Found a runed translucent gate.
  6363 | D:7      | Found a runed translucent gate.
  6380 | D:7      | Found a runed translucent door.
  6381 | D:7      | Found the +9 staff of Olgreb {rPois∞}
  6392 | D:7      | Reached * piety under Hepliaklqana
  6722 | D:8      | Reached skill level 8 in Fighting
  6783 | D:8      | Reached skill level 11 in Ranged Weapons
  6847 | D:8      | Noticed a two-headed ogre
  7023 | D:8      | Found a burning altar of Makhleb.
  7026 | D:8      | Noticed a balrug
  7030 | D:8      | Noticed a smoke demon
  7137 | D:8      | Found a flagged portal.
  7197 | Bailey   | Entered a bailey
  7318 | Bailey   | HP: 10/54 [orc warrior/+0 war axe (6)]
  7861 | D:8      | HP: 2/54 [two-headed ogre/+0 giant spiked club (23)]
  7884 | D:8      | Killed a two-headed ogre
  7885 | D:8      | Reached skill level 9 in Fighting
  7885 | D:8      | Reached skill level 12 in Ranged Weapons
  7885 | D:8      | Reached XP level 10. HP: 10/59 MP: 10/10
  8592 | D:9      | Found a snail-covered altar of Cheibriados.
  9058 | D:10     | Entered Level 10 of the Dungeon
  9286 | D:10     | Noticed Fannar
  9343 | D:10     | HP: 15/60 [ice beast[Fannar] (3)]
  9559 | D:10     | Killed Fannar
  9560 | D:10     | Reached skill level 10 in Fighting
  9560 | D:10     | Reached skill level 13 in Ranged Weapons
 10515 | D:10     | Reached XP level 11. HP: 65/65 MP: 11/11
 10564 | D:10     | Reached skill level 14 in Ranged Weapons
 10588 | D:10     | Noticed a two-headed ogre
 10601 | D:10     | Killed a two-headed ogre
 10602 | D:10     | Reached skill level 11 in Fighting
 10648 | D:10     | Noticed a two-headed ogre
 10659 | D:10     | Killed a two-headed ogre
 10961 | D:10     | Noticed a cyclops
 11337 | D:10     | Reached ** piety under Hepliaklqana
 11364 | D:10     | HP: 16/66 [troll (7)]
 11370 | D:10     | HP: 6/66 [troll (4)]
 11571 | D:10     | Noticed a cyclops
 11621 | D:10     | Killed a cyclops
 11622 | D:10     | Reached skill level 15 in Ranged Weapons
 11817 | D:10     | Remembered your ancestor Sunngifu as a knight
 12002 | D:10     | Killed a cyclops
 12267 | D:11     | Found a staircase to the Lair.
 12301 | D:11     | Noticed a cyclops
 12308 | D:11     | Killed a cyclops
 12309 | D:11     | Reached skill level 12 in Fighting
 12318 | D:11     | Found Bacat's Magic Scroll Shop.
 12363 | D:11     | Noticed a manticore
 12369 | D:11     | Killed a manticore
 12656 | D:11     | Reached XP level 12. HP: 72/72 MP: 12/12
 12918 | D:11     | Reached skill level 16 in Ranged Weapons
 13192 | D:12     | Found a staircase to the Orcish Mines.
 13265 | D:12     | Noticed a two-headed ogre
 13279 | D:12     | Killed a two-headed ogre
 13393 | D:12     | Noticed Erolcha
 13451 | Lair:1   | Entered Level 1 of the Lair of Beasts
 13467 | Lair:1   | Reached skill level 13 in Fighting
 13568 | Lair:1   | Noticed a catoblepas
 13585 | Lair:1   | Killed a catoblepas
 13586 | Lair:1   | Reached skill level 17 in Ranged Weapons
 13741 | Lair:1   | Found a runed translucent gate.
 13741 | Lair:1   | Found a runed translucent gate.
 13741 | Lair:1   | Found a runed translucent gate.
 13744 | Lair:1   | Noticed wamuu's ghost (journeyman HOFi)
 13753 | Lair:1   | Found a viscous altar of Jiyva.
 13927 | Lair:1   | Reached XP level 13. HP: 70/79 MP: 13/13
 14166 | Lair:2   | Reached *** piety under Hepliaklqana
 14565 | Lair:2   | Reached skill level 14 in Fighting
 14768 | Lair:2   | Found a staircase to the Shoals.
 14775 | Lair:2   | Reached skill level 18 in Ranged Weapons
 16268 | Lair:3   | Reached **** piety under Hepliaklqana
 16275 | Lair:3   | Reached skill level 19 in Ranged Weapons
 16275 | Lair:3   | Found a staircase to the Snake Pit.
 16566 | Lair:3   | Reached skill level 1 in Invocations
 16570 | Lair:3   | Reached skill level 1 in Armour
 16580 | Lair:3   | Reached skill level 1 in Spellcasting
 16610 | Lair:3   | Reached skill level 15 in Fighting
 16630 | Lair:3   | Reached skill level 2 in Armour
 16630 | Lair:3   | Reached skill level 2 in Invocations
 16657 | Lair:3   | Reached skill level 2 in Spellcasting
 16671 | Lair:3   | Gained mutation: Your large and strong wings let you fly.
                  | [Gargoyle growth]
 16671 | Lair:3   | Reached XP level 14. HP: 46/88 MP: 15/17
 16681 | Lair:3   | HP: 11/88 [elephant (13)]
 16685 | Lair:3   | HP: 2/88 [steam dragon/ball of steam (10)]
 16687 | Lair:3   | Reached skill level 3 in Armour
 16687 | Lair:3   | Reached skill level 3 in Invocations
 16947 | Lair:3   | Noticed a dire elephant
 16962 | Lair:3   | Killed a dire elephant
 17083 | Lair:3   | Reached skill level 3 in Spellcasting
 17104 | Lair:3   | Reached skill level 4 in Armour
 17104 | Lair:3   | Reached skill level 4 in Invocations
 17141 | Lair:3   | Got the Guide on Companions
 18227 | Lair:4   | Reached ***** piety under Hepliaklqana
 18320 | Lair:4   | Noticed Nessos
 18345 | Lair:4   | Killed Nessos
 18664 | Lair:4   | Reached skill level 4 in Spellcasting
 18854 | Lair:5   | Entered Level 5 of the Lair of Beasts
 18971 | Lair:5   | Reached skill level 5 in Armour
 18976 | Lair:5   | Reached skill level 5 in Invocations
 19000 | Lair:5   | Noticed Kirke
 19020 | Lair:5   | Killed Kirke
 19290 | Lair:4   | HP: 16/88 [death yak (7)]
 19292 | Lair:4   | Mangled by a death yak

Illustrated notes

Levels and vault maps discovered:
D:1:      psy_arrival_fountain, layout_loops_ring,
          chequers_ecumenical_altar_island, grunt_decor_fettered, moated_statue,
          minmay_tiny_reverse_x
D:2:      layout_basic, grunt_decor_mini_mirrors, minmay_diced_spiral,
          uniq_natasha
D:3:      layout_loops_ring, minmay_increasing_density
D:4:      layout_basic, mainiacjoe_overflow_brackets, minmay_manual_mares
D:5:      layout_basic, lemuel_doored_altar, nicolae_overflow_hidden_temple,
          mainiacjoe_overflow_small_starburst, minmay_misc_feat_nine_boxes
D:6:      layout_basic
D:7:      layout_cave_pools, mainiacjoe_overflow_24_doors,
          minmay_temple_entry_large_hall, serial_park, serial_park_square1
          [serial_park_minivault_5x5_4], serial_park_tiny_1,
          serial_park_square2, minmay_misc_feat_tiny,
          minmay_guarded_unrand_staff_of_olgreb
D:8:      layout_loops_ring, makhleb_altar_promises_db, enter_bailey_8
D:9:      layout_loops_cross, slow_altar_1
D:10:     minmay_bloctagon, layout_loops_ring, special_room [special_room_bee],
          uniq_fannar
D:11:     layout_loops_corners, grunt_lair_entry_orc_guard_hut, serial_shops,
          kennysheep_mini
D:12:     minmay_the_grid_3x3 [minmay_the_grid_dragon_b,
          minmay_the_grid_small_cups, minmay_the_grid_x,
          minmay_the_grid_outer_diamond, minmay_the_grid_paths,
          minmay_the_grid_minigrid_medium, minmay_the_grid_fan,
          minmay_the_grid_spin_star, minmay_the_grid_prize_shrinking_boxes],
          layout_irregular_city, uniq_erolcha
Temple:   hellmonk_temple_of_storms
Lair:1:   layout_misc_corridors, gammafunk_ghost_ooze
Lair:2:   layout_cave_pods, nicolae_shoals_entry_roost
Lair:3:   layout_regular_city, minmay_snake_entry_six_corridors,
          nicolae_lair_lakeside_cave, lemuel_fruit_fields
Lair:4:   dreamdust_cave_troll, layout_cave_pods, serial_bayou,
          serial_bayou_shore_a, serial_bayou_pond_b, serial_bayou_lagoon_b,
          serial_bayou_crossing, lemuel_fruit_tree, infiniplex_staircase_pool_2,
          uniq_nessos
Lair:5:   minmay_lair_end_enchanted_forest, layout_cellular_growth,
          dpeg_slime_entry_corner, basic_altar, uniq_urug, uniq_kirke

Skill      XL: |  1  2  3  4  5  6  7  8  9 10 11 12 13 14 |
---------------+-------------------------------------------+-----
Fighting       | 3 4 6 7 9 10 12 13 15 | 15.0
Ranged Weapons | 5 6 7 8 10 12 13 15 17 19 | 19.0
Invocations    | 2 5 |  5.6
Armour         | 2 5 |  5.7
Spellcasting   | 2 4 |  4.7
Dodging        | |  1.5
Stealth        | |  1.1

Action                     |  1- 3 |  4- 6 |  7- 9 | 10-12 | 13-15 || total
---------------------------+-------+-------+-------+-------+-------++-------
   Fire: Shortbow          |   106 |   163 |   363 |   759 |   539 ||  1930
 Invoke: Recall Ancestor   |       |       |       |     2 |     5 ||     7
         Ancestor Life: Kn |       |       |       |     1 |       ||     1
  Evoke: Wand              |       |       |       |     1 |     2 ||     3
    Use: Scroll            |       |       |    20 |     7 |     6 ||    33
         Potion            |       |       |     1 |       |     1 ||     2
 Armour: Leather armour    |    17 |       |       |       |       ||    17
         Robe              |     2 |    42 |    78 |     5 |       ||   127
         Skin              |       |       |     5 |       |       ||     5
         Ring mail         |       |       |       |   163 |   117 ||   280
  Dodge: Dodged            |    36 |    43 |    88 |   155 |    89 ||   411
  Block: Other             |       |       |       |     6 |    46 ||    52
         Reflection        |       |       |       |       |     1 ||     1

Table legend: (Time is in decaauts)
 A = Elapsed time spent in this place.
 B = Non-inter-level travel time spent in this place.
 C = Inter-level travel time spent in this place.
 D = Time resting spent in this place.
 E = Time spent auto-exploring this place.
 F = Levels seen in this place.
 G = Mean time per level.
                   A        B        C        D        E       F      G
               +--------+--------+--------+--------+--------+-----+--------+
         Total |  19278 |  17401 |   1877 |      0 |  13705 |  19 | 1014.6 |
       Dungeon |  13102 |  11651 |   1451 |      0 |   9098 |  12 | 1091.8 |
        Temple |     48 |     42 |      6 |      0 |     23 |   1 |   48.0 |
          Lair |   5562 |   5142 |    420 |      0 |   4228 |   5 | 1112.4 |
        Bailey |    564 |    564 |      0 |      0 |    356 |   1 |  564.0 |
               +--------+--------+--------+--------+--------+-----+--------+

Top non-repeatable levels by time:
     D:9: 2129 daAuts
    D:10: 1724 daAuts
  Lair:3: 1676 daAuts
  Lair:2: 1561 daAuts
  Lair:4: 1309 daAuts
     D:8: 1240 daAuts
    D:11: 1166 daAuts
     D:2: 1123 daAuts
     D:5: 1043 daAuts
     D:3: 1021 daAuts
     D:1: 1013 daAuts
     D:6: 947 daAuts
  Lair:1: 785 daAuts
     D:4: 779 daAuts
     D:7: 713 daAuts

Table legend:
 A = Kills in this place as a percentage of kills in the entire game.
 B = Kills by you in this place as a percentage of kills by you in the entire game.
 C = Kills by friends in this place as a percentage of kills by friends in the entire game.
 D = Other kills in this place as a percentage of other kills in the entire game.
 E = Experience gained in this place as a percentage of experience gained in the entire game.
 F = Experience gained in this place divided by the number of levels of this place that you have seen.
                   A       B       C       D       E      F
               +-------+-------+-------+-------+-------+----------------------
         Total | 100.0 | 100.0 | 100.0 |   N/A | 100.0 | 3741.6
       Dungeon |  58.9 |  61.7 |  33.3 |   N/A |  33.4 | 1980.6
          Lair |  36.7 |  33.6 |  64.4 |   N/A |  65.4 | 9299.6
        Bailey |   4.4 |   4.7 |   2.2 |   N/A |   1.2 | 826.0
               +-------+-------+-------+-------+-------+----------------------
